| TOP OF THE 1ST |
|
Idaho Falls Chukars batting - Pitching for Vermont Lake Monsters : LHP Jeff Troxel
|
|
Pitching: LHP Jeff Troxel
|
|
|
Batting: RHB Chad Sullivan
|
0-0: Foul Ball, location: 2F 0-1: Ball 1-1: Called Strike 1-2: Ball 2-2: Ball 3-2: Fly out, F7 (Flyball, 7D, EV 104.4 MPH)
|
|
Batting: LHB Ernesto Abreu
|
0-0: SOLO HOME RUN (Flyball, 89XD, EV 106.2 MPH), Distance : 418 ft
|
|
Batting: LHB Josh Dalton
|
0-0: Ball 1-0: Ball 2-0: Swinging Strike 2-1: SINGLE (Groundball, 34D, EV 94.4 MPH)
|
|
Batting: RHB Edwin Ramos
|
0-0: Ball 1-0: Ball 2-0: Ball Passed Ball! Josh Dalton to second 3-0: Called Strike 3-1: Called Strike 3-2: Strikes out swinging
|
|
Batting: LHB Joe Cozart
|
0-0: Ball 1-0: Swinging Strike 1-1: Swinging Strike 1-2: Foul Ball, location: 2F 1-2: Ground out U3 (Groundball, 3, EV 100.6 MPH)
|
| Top of the 1st over - 1 run, 2 hits, 0 errors, 1 left on base; Idaho Falls 1 - Vermont 0 |
| BOTTOM OF THE 1ST |
|
Vermont Lake Monsters batting - Pitching for Idaho Falls Chukars : RHP Phil Kellum
|
|
Pitching: RHP Phil Kellum
|
|
|
Batting: RHB Carlos Martinez
|
0-0: Ball 1-0: Ground out 5-3 (Groundball, 5S, EV 80.0 MPH)
|
|
Batting: RHB Mario Ramos
|
0-0: DOUBLE (Groundball, 5L, EV 96.2 MPH)
|
|
Batting: LHB Cy Ostrowski
|
0-0: Called Strike Mario Ramos is caught stealing 3rd base 2-5 0-1: Ball 1-1: Ball 2-1: Ground out 6-3 (Groundball, 6, EV 87.5 MPH)
|
| Bottom of the 1st over - 0 runs, 1 hit, 0 errors, 0 left on base; Idaho Falls 1 - Vermont 0 |
| TOP OF THE 2ND |
|
Idaho Falls Chukars batting - Pitching for Vermont Lake Monsters : LHP Jeff Troxel
|
|
Batting: RHB Chance Argy
|
0-0: Ball 1-0: Fly out, F8 (Flyball, 8RM, EV 86.2 MPH)
|
|
Batting: RHB Justin Goff
|
0-0: Fly out, F4 (Popup, 4, EV 64.4 MPH)
|
|
Batting: LHB Danny Pacheco
|
0-0: Called Strike 0-1: Ball 1-1: Fly out, F9 (Line Drive, 9LS, EV 99.4 MPH)
|
| Top of the 2nd over - 0 runs, 0 hits, 0 errors, 0 left on base; Idaho Falls 1 - Vermont 0 |
| BOTTOM OF THE 2ND |
|
Vermont Lake Monsters batting - Pitching for Idaho Falls Chukars : RHP Phil Kellum
|
|
Batting: RHB Manny Vizzerra
|
0-0: Called Strike 0-1: Ball 1-1: Swinging Strike 1-2: Ball 2-2: Foul Ball, location: 2F 2-2: Ground out U3 (Groundball, 34, EV 85.0 MPH)
|
|
Batting: RHB Edgar Landim
|
0-0: Called Strike 0-1: Swinging Strike 0-2: Ball 1-2: Ball 2-2: Ground out 4-3 (Groundball, 4, EV 102.5 MPH)
|
|
Batting: RHB Bastiaan Leenders
|
0-0: Called Strike 0-1: SINGLE (Groundball, 4M, EV 87.5 MPH) (infield hit)
|
|
Batting: RHB Fathi Addae
|
0-0: Ball Bastiaan Leenders steals 2nd base 1-0: Ball 2-0: Ball 3-0: Called Strike 3-1: Fly out, F8 (Line Drive, 8LD, EV 90.0 MPH)
|
| Bottom of the 2nd over - 0 runs, 1 hit, 0 errors, 1 left on base; Idaho Falls 1 - Vermont 0 |
| TOP OF THE 3RD |
|
Idaho Falls Chukars batting - Pitching for Vermont Lake Monsters : LHP Jeff Troxel
|
|
Batting: SHB Marcos Cortez
|
0-0: Fly out, F8 (Line Drive, 8RD, EV 111.2 MPH)
|
|
Batting: RHB Chad Sullivan
|
0-0: Ball 1-0: Foul Ball, location: 2F 1-1: Fly out, F7 (Flyball, 78M, EV 78.1 MPH)
|
|
Batting: LHB Ernesto Abreu
|
0-0: Ball 1-0: Foul Ball, location: 2F 1-1: Foul Ball, location: 2F 1-2: Strikes out swinging
|
| Top of the 3rd over - 0 runs, 0 hits, 0 errors, 0 left on base; Idaho Falls 1 - Vermont 0 |
| BOTTOM OF THE 3RD |
|
Vermont Lake Monsters batting - Pitching for Idaho Falls Chukars : RHP Phil Kellum
|
|
Batting: RHB D.J. Torres
|
0-0: Ball 1-0: Ball 2-0: Foul Ball, location: 2F 2-1: Foul Ball, location: 2F 2-2: Strikes out swinging
|
|
Batting: RHB Justin Menotti
|
0-0: Ball 1-0: Ground out 4-3 (Groundball, 4, EV 86.9 MPH)
|
|
Batting: RHB Carlos Martinez
|
0-0: Swinging Strike 0-1: Ball 1-1: Foul Ball, location: 2F 1-2: Foul Ball, location: 2F 1-2: Ball 2-2: Ball 3-2: Strikes out looking
|
| Bottom of the 3rd over - 0 runs, 0 hits, 0 errors, 0 left on base; Idaho Falls 1 - Vermont 0 |
| TOP OF THE 4TH |
|
Idaho Falls Chukars batting - Pitching for Vermont Lake Monsters : LHP Jeff Troxel
|
|
Batting: LHB Josh Dalton
|
0-0: Called Strike 0-1: Ball 1-1: Ground out 4-3 (Groundball, 4, EV 104.4 MPH)
|
|
Batting: RHB Edwin Ramos
|
0-0: Ball 1-0: Ball 2-0: Ball 3-0: Called Strike 3-1: Ground out 5-3 (Groundball, 56, EV 103.8 MPH)
|
|
Batting: LHB Joe Cozart
|
0-0: DOUBLE (Line Drive, 89D, EV 110.6 MPH)
|
|
Batting: RHB Chance Argy
|
0-0: Called Strike 0-1: Ball 1-1: Swinging Strike 1-2: Ball 2-2: Strikes out swinging
|
| Top of the 4th over - 0 runs, 1 hit, 0 errors, 1 left on base; Idaho Falls 1 - Vermont 0 |
| BOTTOM OF THE 4TH |
|
Vermont Lake Monsters batting - Pitching for Idaho Falls Chukars : RHP Phil Kellum
|
|
Pitching: RHP Mike Galvin
|
|
|
Batting: RHB Mario Ramos
|
0-0: Called Strike 0-1: Foul Ball, location: 2F 0-2: Strikes out swinging
|
|
Batting: LHB Cy Ostrowski
|
0-0: Called Strike 0-1: Ball 1-1: Swinging Strike 1-2: SINGLE (Groundball, 56D, EV 103.8 MPH)
|
|
Batting: RHB Manny Vizzerra
|
0-0: Swinging Strike 0-1: Called Strike 0-2: Ball 1-2: Ball 2-2: Strikes out swinging
|
|
Batting: RHB Edgar Landim
|
0-0: 2-RUN HOME RUN (Flyball, 7LD, EV 92.5 MPH), Distance : 340 ft
|
|
Batting: RHB Bastiaan Leenders
|
0-0: Ball 1-0: Foul Ball, location: 2F 1-1: Ball 2-1: Called Strike 2-2: Foul Ball, location: 2F 2-2: Foul Ball, location: 2F 2-2: Fly out, F5 (Popup, 56, EV 64.4 MPH)
|
| Bottom of the 4th over - 2 runs, 2 hits, 0 errors, 0 left on base; Idaho Falls 1 - Vermont 2 |
| TOP OF THE 5TH |
|
Idaho Falls Chukars batting - Pitching for Vermont Lake Monsters : LHP Jeff Troxel
|
|
Batting: RHB Justin Goff
|
0-0: Called Strike 0-1: Ball 1-1: Ground out 5-3 (Groundball, 56, EV 110.0 MPH)
|
|
Batting: LHB Danny Pacheco
|
0-0: Swinging Strike 0-1: Ball 1-1: Foul Ball, location: 2F 1-2: Foul Ball, location: 2F 1-2: Ball 2-2: Ball 3-2: Base on Balls
|
|
Batting: SHB Marcos Cortez
|
0-0: Foul Ball, location: 2F 0-1: Foul Ball, location: 2F 0-2: Strikes out swinging
|
|
Batting: RHB Chad Sullivan
|
0-0: Called Strike 0-1: Foul Ball, location: 2F 0-2: Ball 1-2: Ground out 1-3 (Groundball, 15S, EV 69.4 MPH)
|
| Top of the 5th over - 0 runs, 0 hits, 0 errors, 1 left on base; Idaho Falls 1 - Vermont 2 |
| BOTTOM OF THE 5TH |
|
Vermont Lake Monsters batting - Pitching for Idaho Falls Chukars : RHP Mike Galvin
|
|
Pitching: RHP Brett Essary
|
|
|
Batting: RHB Fathi Addae
|
0-0: SINGLE (Line Drive, 8RS, EV 99.4 MPH)
|
|
Batting: RHB D.J. Torres
|
0-0: Called Strike 0-1: Reached on error, E1 (Groundball, P, EV 62.5 MPH) Fathi Addae to second
|
|
Batting: RHB Justin Menotti
|
0-0: Fly out, F9 (Line Drive, 89M, EV 90.6 MPH)
|
|
Batting: RHB Carlos Martinez
|
0-0: Ball 1-0: Foul Ball, location: 2F 1-1: Called Strike Fathi Addae is caught stealing 3rd base 2-5 1-2: Ground out 5-3 (Groundball, 56S, EV 90.0 MPH)
|
| Bottom of the 5th over - 0 runs, 1 hit, 1 error, 1 left on base; Idaho Falls 1 - Vermont 2 |
| TOP OF THE 6TH |
|
Idaho Falls Chukars batting - Pitching for Vermont Lake Monsters : LHP Jeff Troxel
|
|
Batting: LHB Ernesto Abreu
|
0-0: Ground out 6-3 (Groundball, 6, EV 89.4 MPH)
|
|
Batting: LHB Josh Dalton
|
0-0: Ball 1-0: Ball 2-0: Ground out 6-3 (Groundball, 6, EV 100.0 MPH)
|
|
Batting: RHB Edwin Ramos
|
0-0: Ball 1-0: Ball 2-0: Fly out, F8 (Flyball, 8RD, EV 94.4 MPH)
|
| Top of the 6th over - 0 runs, 0 hits, 0 errors, 0 left on base; Idaho Falls 1 - Vermont 2 |
| BOTTOM OF THE 6TH |
|
Vermont Lake Monsters batting - Pitching for Idaho Falls Chukars : RHP Brett Essary
|
|
Batting: RHB Mario Ramos
|
0-0: Bunt for hit to 15 - play at first, batter OUT! 1-3
|
|
Batting: LHB Cy Ostrowski
|
0-0: Ground out 4-3 (Groundball, 4, EV 100.0 MPH)
|
|
Batting: RHB Manny Vizzerra
|
0-0: Called Strike 0-1: Ball 1-1: Ball 2-1: Ball 3-1: Base on Balls
|
|
Batting: RHB Edgar Landim
|
0-0: Ball 1-0: Ball 2-0: SINGLE (Groundball, 5D, EV 103.8 MPH) Manny Vizzerra to second
|
|
Pitching: RHP Justin Potts
|
|
|
Pinch Runner at 2nd Brian Callaghan:
|
|
|
Batting: RHB Bastiaan Leenders
|
0-0: Called Strike 0-1: Ball 1-1: Foul Ball, location: 2F 1-2: Strikes out swinging
|
| Bottom of the 6th over - 0 runs, 1 hit, 0 errors, 2 left on base; Idaho Falls 1 - Vermont 2 |
| TOP OF THE 7TH |
|
Idaho Falls Chukars batting - Pitching for Vermont Lake Monsters : LHP Jeff Troxel
|
|
Batting: LHB Joe Cozart
|
0-0: SINGLE (Line Drive, 7LS, EV 113.1 MPH)
|
|
Batting: RHB Chance Argy
|
0-0: Bunted foul 0-1: Bunt missed! 0-2: Ball 1-2: Ball 2-2: SINGLE (Groundball, 6MD, EV 108.1 MPH) Joe Cozart to second
|
|
Batting: RHB Justin Goff
|
0-0: SINGLE (Groundball, 56, EV 98.8 MPH) Joe Cozart to third Chance Argy to second
|
|
Pinch Hitting: SHB Sean Hill
|
0-0: Ball 1-0: Ball 2-0: Ball 3-0: Base on Balls Joe Cozart scores Chance Argy to third Justin Goff to second
|
|
Batting: SHB Marcos Cortez
|
0-0: Called Strike 0-1: Ball 1-1: Swinging Strike 1-2: Strikes out swinging
|
|
Batting: RHB Chad Sullivan
|
0-0: Ball 1-0: Ball Wild Pitch! Chance Argy scores Justin Goff to third Sean Hill to second 2-0: Intentional Walk
|
|
Batting: LHB Ernesto Abreu
|
0-0: Called Strike 0-1: Called Strike 0-2: Ball 1-2: Ball 2-2: Foul Ball, location: 2F 2-2: Strikes out swinging
|
|
Batting: LHB Josh Dalton
|
0-0: Ball 1-0: Called Strike 1-1: Fielders Choice at 2nd, 6-4 (Groundball, 6, EV 89.4 MPH)
|
| Top of the 7th over - 2 runs, 3 hits, 0 errors, 3 left on base; Idaho Falls 3 - Vermont 2 |
| BOTTOM OF THE 7TH |
|
Vermont Lake Monsters batting - Pitching for Idaho Falls Chukars : RHP Justin Potts
|
|
Now in LF: Shane Bruce
|
|
|
Batting: RHB Fathi Addae
|
0-0: Foul Ball, location: 2F 0-1: Ball 1-1: Ball 2-1: Ball 3-1: Ground out 5-3 (Groundball, 56S, EV 79.4 MPH)
|
|
Batting: RHB D.J. Torres
|
0-0: Ground out U3 (Groundball, 34S, EV 81.9 MPH)
|
|
Pinch Hitting: LHB Oscar Rodriguez
|
0-0: Ball 1-0: Ball 2-0: Ball 3-0: Base on Balls
|
|
Batting: RHB Carlos Martinez
|
0-0: Swinging Strike 0-1: Foul Ball, location: 2F 0-2: Ball 1-2: Ball 2-2: Ball 3-2: Strikes out swinging
|
| Bottom of the 7th over - 0 runs, 0 hits, 0 errors, 1 left on base; Idaho Falls 3 - Vermont 2 |
| TOP OF THE 8TH |
|
Idaho Falls Chukars batting - Pitching for Vermont Lake Monsters : LHP Jeff Troxel
|
|
Now at SS: Mario Ramos
|
|
|
Now in LF: Carlos Martinez
|
|
|
Now in RF: Oscar Rodriguez
|
|
|
Batting: RHB Edwin Ramos
|
0-0: Ball 1-0: Ball 2-0: Called Strike 2-1: Foul Ball, location: 2F 2-2: Strikes out swinging
|
|
Pitching: RHP Ben Jennings
|
|
|
Batting: LHB Joe Cozart
|
0-0: Called Strike 0-1: Ball 1-1: Foul Ball, location: 2F 1-2: Ball 2-2: Strikes out swinging
|
|
Batting: RHB Chance Argy
|
0-0: Called Strike 0-1: Ball 1-1: Ball 2-1: Swinging Strike 2-2: Ball 3-2: Foul Ball, location: 2F 3-2: Strikes out swinging
|
| Top of the 8th over - 0 runs, 0 hits, 0 errors, 0 left on base; Idaho Falls 3 - Vermont 2 |
| BOTTOM OF THE 8TH |
|
Vermont Lake Monsters batting - Pitching for Idaho Falls Chukars : RHP Justin Potts
|
|
Pitching: RHP Bryan Kiefer
|
|
|
Batting: RHB Mario Ramos
|
0-0: Ball 1-0: Foul Ball, location: 2F 1-1: Fly out, F9 (Flyball, 9, EV 80.0 MPH)
|
|
Batting: LHB Cy Ostrowski
|
0-0: Ball 1-0: Ball 2-0: Called Strike 2-1: Foul Ball, location: 2F 2-2: Ball 3-2: Strikes out looking
|
|
Batting: LHB Miguel Torres
|
0-0: Called Strike 0-1: Ball 1-1: Ball 2-1: Ground out 5-3 (Groundball, 5L, EV 103.8 MPH)
|
| Bottom of the 8th over - 0 runs, 0 hits, 0 errors, 0 left on base; Idaho Falls 3 - Vermont 2 |
| TOP OF THE 9TH |
|
Idaho Falls Chukars batting - Pitching for Vermont Lake Monsters : RHP Ben Jennings
|
|
Batting: RHB Justin Goff
|
0-0: Called Strike 0-1: Called Strike 0-2: Strikes out swinging
|
|
Batting: RHB Shane Bruce
|
0-0: Ball 1-0: Swinging Strike 1-1: Foul Ball, location: 2F 1-2: Ball 2-2: Foul Ball, location: 2F 2-2: Foul Ball, location: 2F 2-2: Fly out, F8 (Flyball, 8LM, EV 88.8 MPH)
|
|
Batting: SHB Marcos Cortez
|
0-0: Ball 1-0: SINGLE (Groundball, 6MD, EV 98.8 MPH)
|
|
Batting: RHB Chad Sullivan
|
0-0: Swinging Strike 0-1: Foul Ball, location: 2F 0-2: Ball Wild Pitch! Marcos Cortez to second 1-2: Strikes out swinging
|
| Top of the 9th over - 0 runs, 1 hit, 0 errors, 1 left on base; Idaho Falls 3 - Vermont 2 |
| BOTTOM OF THE 9TH |
|
Vermont Lake Monsters batting - Pitching for Idaho Falls Chukars : RHP Bryan Kiefer
|
|
Pitching: RHP Josh Rutledge
|
|
|
Batting: RHB Edgar Landim
|
0-0: Swinging Strike 0-1: Called Strike 0-2: Strikes out swinging
|
|
Batting: RHB Bastiaan Leenders
|
0-0: Foul Ball, location: 2F 0-1: Called Strike 0-2: Ground out 6-3 (Groundball, 6, EV 83.1 MPH)
|
|
Batting: RHB Fathi Addae
|
0-0: Ball 1-0: SINGLE (Line Drive, 8RS, EV 91.2 MPH)
|
|
Batting: RHB D.J. Torres
|
0-0: Ball 1-0: SINGLE (Line Drive, 9S, EV 112.5 MPH) Fathi Addae to second
|
|
Pinch Runner at 2nd Manny Moron:
|
|
|
Batting: LHB Oscar Rodriguez
|
0-0: Fly out, F8 (Flyball, 8LD, EV 87.5 MPH)
|
| Bottom of the 9th over - 0 runs, 2 hits, 0 errors, 2 left on base; Idaho Falls 3 - Vermont 2 |
|